AoeStats
← Marbas

Arena

508042702Analyzed
1v1 RM · 11d ago on Sep 20, 2026· 45m 37s· 2 players
Game mode
Random Map
Map size
Tiny (2 player)
Population
200
Speed
Normal
Resources
Standard
Victory
Conquest
Starting age
Dark Age
Ending age
Imperial Age
RankedLock teamsTeams togetherTeam positionsShared explorationLock speedFull tech treeHidden civsTurbo modeCheats
Victory
Defeat
🇷🇺 Sicilians · Russia
1798
+28
🇨🇦 Celts · Canada
2153
-28
OS+ | Tiggerr
11:41 Feudal Age
12:13 Double-Bit Axe
15:11 Castle Age
16:23 Bow Saw
21:26 Wheelbarrow
20:43 Horse Collar
21:56 Heavy Plow
23:15 Hand Cart
23:12 Gold Mining
28:36 Imperial Age
25:51 Loom
26:40 Man-at-Arms
27:21 Scale Mail Armor
28:15 Gold Shaft Mining
27:31 Stone Mining
27:31 Gambesons
27:32 Arson
27:58 Forging
27:43 Long Swordsman
28:48 Chain Mail Armor
29:33 Iron Casting
28:50 Two-Handed Swordsman
30:00 Plate Mail Armor
28:54 Capped Ram
30:10 Conscription
31:15 Blast Furnace
29:37 Champion
32:51 Stronghold
33:09 Fletching
34:45 Siege Engineers
34:58 Onager
36:14 Siege Onager
37:19 Ballistics
37:11 Furor Celtica
37:23 Fortified Wall
40:53 Siege Ram
41:47 Guilds
43:11 Heavy Scorpion
44:28 Pikeman
Marbas
10:33 Feudal Age
14:26 Castle Age
12:15 Double-Bit Axe
13:24 Horse Collar
15:28 Bow Saw
20:29 Wheelbarrow
21:21 Heavy Plow
21:47 Gold Mining
21:59 Town Watch
23:15 Stone Mining
24:01 Gold Shaft Mining
23:12 Loom
26:25 Hand Cart
29:02 Imperial Age
26:14 Pikeman
26:56 Scale Mail Armor
28:09 Stone Shaft Mining
27:38 Squires
28:01 Chain Mail Armor
28:28 Forging
28:36 Masonry
29:40 Fletching
30:27 Iron Casting
30:17 First Crusade
30:44 Plate Mail Armor
30:35 Conscription
29:40 Onager
29:46 Halberdier
30:30 Bodkin Arrow
30:57 Ballistics
32:04 Iron Casting
31:30 Bracer
31:28 Elite Serjeant
32:45 Siege Engineers
33:06 Arson
33:35 Arrowslits
35:48 Chemistry
38:16 Blast Furnace
37:13 Murder Holes
37:33 Capped Ram
39:00 Scale Barding Armor
38:46 Siege Onager
40:08 Light Cavalry
41:00 Bloodlines
40:50 Husbandry
42:51 Chain Barding Armor
Connection lost

Rejoining the realm…

Still unreachable

The connection could not be restored.

Session expired

The server has moved on; the page needs a fresh start.